 Dungeon Crawl Stone Soup version 0.17-a0-1515-gfae3d72 (webtiles) character file.

30 ulrikemeinhof the Magician (level 3, 0/20 HPs)
             Began as a Deep Elf Wizard on July 12, 2015.
             Slain by an adder (1 damage)
             ... on level 2 of the Dungeon.
             The game lasted 00:12:32 (727 turns).

ulrikemeinhof the Magician (Deep Elf Wizard)         Turns: 727, Time: 00:12:32

Health: 0/20       AC:  2    Str:  4      XL:     3   Next: 3%
Magic:  1/11       EV: 13    Int: 23      God:
Gold:   43         SH:  0    Dex: 12 (13) Spells: 4 memorised, 4 levels left

rFire  . . .     SeeInvis .     e - +0 dagger
rCold  . . .     Clarity  .     a - +0 robe
rNeg   . . .     SustAt   .     (no shield)
rPois  .         Gourm    .     b - +0 hat
rElec  .         Spirit   .     (no cloak)
rCorr  .         Warding  .     (no gloves)
rMut   .         Stasis   .     (no boots)
MR     .....                    (no amulet)
Stlth  ++........               (no ring)
                                (no ring)

@: lethally poisoned (0 -> -7), not resistant to hostile enchantments,
unstealthy
A: no striking features
a: no special abilities


You were on level 2 of the Dungeon.
You were not hungry.

You visited 1 branch of the dungeon, and saw 2 of its levels.

You collected 43 gold pieces.

Inventory:

Hand weapons
 e - a +0 dagger (weapon)
 j - a +1 mace of protection
Armour
 a - a +0 robe (worn)
 b - a +0 hat (worn)
Scrolls
 g - 2 scrolls of remove curse {unknown}
 h - a scroll of noise {unknown}
 k - a scroll of random uselessness {unknown}
 l - a scroll of fog {unknown}
Books
 c - a book of Minor Magic

   Spells                             Type                      Level
   a - Magic Dart                     Conjuration                  1
   b - Blink                          Translocation                2
   c - Call Imp                       Summoning                    2
   d - Repel Missiles                 Charms/Air                   2
   e - Slow                           Hexes                        2
   f - Conjure Flame                  Conjuration/Fire             3
   g - Mephitic Cloud                 Conjuration/Poison/Air       3
Comestibles
 d - a bread ration
 f - a royal jelly
 m - a beef jerky


   Skills:
 + Level 0.4 Fighting
 + Level 3.2 Dodging
 - Level 2.4 Stealth
 * Level 5.0 Spellcasting
 * Level 1.3 Conjurations
 + Level 1.2 Summonings
 + Level 1.1 Translocations


You had 4 spell levels left.
You knew the following spells:

 Your Spells              Type           Power        Failure   Level  Hunger
a - Magic Dart            Conj           ##..         6%          1    None
b - Call Imp              Summ           ##......     12%         2    None
c - Blink                 Tloc           N/A          12%         2    None
d - Mephitic Cloud        Conj/Pois/Air  #.......     24%         3    ##.....


Dungeon Overview and Level Annotations

Branches:
Dungeon (2/15)

Altars:


Message History

Something bites your white imp!
Casting: Call Imp
Confirm with . or Enter, or press ? or * to list all spells.
A beastly little devil appears in a puff of flame.
The adder bites you.
* * * LOW HITPOINT WARNING * * *
The adder barely misses you.
Your crimson imp blinks!
The adder bites you but does no damage. The adder bites you.
* * * LOW HITPOINT WARNING * * *
You are lethally poisoned!
The adder poisons you!
Drink which item? (? for menu, Esc to quit)
It was a potion of degeneration.
There was something very wrong with that liquid.
You feel clumsy.
* * * LOW HITPOINT WARNING * * *
You feel sick. The adder bites you.
You die...

#....# #########.#
......###.######
.................
#####.###..###### ..
#.# #..# #.# #.. ...#
#..#######.##########
. ... ........@S..# #
.### ###.###..###.# .
##.....#.. #.#
#....#.######.#
#....).55.....#
#.....w########
###.)....# #
#..)..5.#######
#S#...##w.......#


You could see an adder.

Vanquished Creatures
  An ooze (D:2)
  2 giant geckos (D:1)
  4 bats (D:1)
  A hobgoblin (D:1)
  2 kobolds (D:1)
  10 giant newts (D:1)
  4 goblins (D:1)
  4 rats
28 creatures vanquished.

Vanquished Creatures (collateral kills)
  A bat (D:2)
1 creature vanquished.

Grand Total: 29 creatures vanquished

Notes
Turn   | Place    | Note
--------------------------------------------------------------
     0 | D:1      | ulrikemeinhof the Deep Elf Wizard began the quest for the Orb.
     0 | D:1      | Reached XP level 1. HP: 10/10 MP: 7/7
   208 | D:1      | Reached skill level 5 in Spellcasting
   263 | D:1      | Reached XP level 2. HP: 15/15 MP: 7/10
   495 | D:1      | Learned a level 2 spell: Call Imp
   607 | D:1      | Learned a level 2 spell: Blink
   681 | D:2      | Reached XP level 3. HP: 6/20 MP: 4/11
   686 | D:2      | Learned a level 3 spell: Mephitic Cloud
   727 | D:2      | HP: 1/20 [poisoned by an adder]
   727 | D:2      | Slain by an adder

Vault maps used:
D:1:      dpeg_arrival_radiant, grunt_decor_mini_mirrors, moated_statue,
          roderic_serpentine_path, minmay_lizard_king
D:2:      grunt_temple_overflow_open, ecumenical_altar_2

Action                   || total
-------------------------++-------
Melee: Dagger            ||     4
 Cast: Magic Dart        ||    44
       Call Imp          ||     4
       Mephitic Cloud    ||     1
  Use: Potion            ||     1
